 Dungeon Crawl Stone Soup version 0.27.0-1-g7a089689b8 (webtiles) character file.

Game seed: 14723376736508174651

46704 ZARRMARR the Fighter (level 14, -9/127 HPs)
             Began as a Hill Orc Monk on July 31, 2021.
             Was a High Priest of Beogh.
             Splashed by an acid blob's acid (12 damage)
             ... while paralysed by a floating eye
             ... on level 2 of the Pits of Slime.
             The game lasted 02:56:47 (24920 turns).

ZARRMARR the Fighter (Hill Orc Monk)               Turns: 24920, Time: 02:56:47

Health: -9/127     AC:  4    Str: 19    XL:     14   Next: 38%
Magic:  17/17      EV:  2    Int: 10    God:    Beogh [*****.]
Gold:   950        SH:  0    Dex: 13    Spells: 13/13 levels left

rFire    . . .     SeeInvis .   Y - +8 whip "Snakebite" {venom, curare, rPois}
rCold    . . .     Faith    .   E - +0 buckler
rNeg     . . .     Spirit   .   G - +0 steam dragon scales
rPois    +         Reflect  .   Q - +2 helmet
rElec    .         Harm     .   (no cloak)
rCorr    .         Rampage  .   f - +2 pair of gloves
Will     ++...                  c - +0 pair of boots
Stlth    ++........             z - amulet of the acrobat
HPRegen  0.31/turn              h - +4 ring of protection
MPRegen  0.15/turn              K - ring of willpower

@: paralysed, corroded
A: walk on water
a: Renounce Religion, Smiting, Recall Orcish Followers, Give Item to Named
Follower


You were on level 2 of the Pits of Slime.
You worshipped Beogh.
Beogh was extremely pleased with you.
You visited 5 branches of the dungeon, and saw 20 of its levels.

You collected 950 gold pieces.

Inventory:

Hand Weapons
 e - a +2 spectral quarterstaff
 I - a +1 vampiric halberd
 Y - the +8 whip "Snakebite" (weapon) {venom, curare, rPois}
   (You found it on level 2 of the Lair of Beasts)

   It poisons the flesh of those it strikes.
   It occasionally inflicts asphyxiating poison on those it strikes, dealing
   poison damage and causing slowness.
   rPois:     It protects you from poison.
Missiles
 s - 2 stones (quivered)
Armour
 c - a +0 pair of boots (worn)
 f - a +2 pair of gloves (worn)
 w - a +2 robe of cold resistance
 x - a +3 troll leather armour {Snorg}
 C - a +0 robe of fire resistance
 E - a +0 buckler (worn)
 G - +0 steam dragon scales (worn)
 L - +0 steam dragon scales
 O - a +2 robe of willpower
 Q - a +2 helmet (worn)
Magical Staves
 o - a staff of poison
 v - a staff of cold
 U - a staff of conjuration
 X - a staff of air
Jewellery
 h - a +4 ring of protection (left hand)
 q - a ring of protection from cold
 z - an amulet of the acrobat (around neck)
 F - a ring of fire
 K - a ring of willpower (right hand)
Wands
 b - a wand of flame (24)
 A - a wand of digging (4)
 B - a wand of charming (13)
 H - a wand of paralysis (14)
 J - a wand of iceblast (8)
 V - a wand of polymorph (10)
Scrolls
 a - 4 scrolls of teleportation
 g - a scroll of fog {unknown}
 j - 2 scrolls of fear
 l - 4 scrolls of enchant armour
 n - a scroll of holy word
 r - 2 scrolls of vulnerability
 y - 2 scrolls of torment
 D - 3 scrolls of enchant weapon
 R - a scroll of amnesia
 S - a scroll of acquirement {unknown}
 Z - a scroll of magic mapping
Potions
 d - a potion of cancellation {unknown}
 i - a potion of might {unknown}
 k - 2 potions of curing
 m - 3 potions of lignification
 p - a potion of brilliance {unknown}
 u - 2 potions of attraction {unknown}
 M - a potion of mutation {unknown}
 N - 2 potions of ambrosia {unknown}
 P - 2 potions of magic {unknown}
 T - a potion of berserk rage {unknown}
Miscellaneous
 W - a phantom mirror (inert)


   Skills:
 + Level 12.9 Fighting
 - Level 5.6(9.3) Axes
 - Level 9.6(12.0) Maces & Flails
 - Level 9.1(10.4) Staves
 - Level 12.0 Throwing
 + Level 9.7 Dodging
 - Level 1.7 Stealth
 - Level 4.0 Shields
 + Level 4.5 Invocations
 + Level 0.3 Evocations


You had 13 spell levels left.
You didn't know any spells.
Your spell library contained the following spells:

 Spells                   Type           Power      Damage    Failure   Level
 Corona                   Hex            0%         N/A       36%         1
 Freeze                   Ice            0%         1d3       36%         1
 Ensorcelled Hibernation  Hex/Ice        0%         N/A       50%         2
 Passwall                 Tmut/Erth      0%         N/A       50%         2
 Frozen Ramparts          Ice            0%         1d2       75%         3
 Gell's Gravitas          Tloc           0%         N/A       75%         3
 Lesser Beckoning         Tloc           0%         N/A       75%         3
 Swiftness                Air            0%         N/A       75%         3
 Teleport Other           Tloc           0%         N/A       75%         3
 Tukima's Dance           Hex            0%         N/A       75%         3
 Hailstorm                Conj/Ice       0%         3d3       98%         4
 Summon Lightning Spire   Summ/Air       0%         N/A       98%         4
 Alistair's Intoxication  Tmut/Pois      0%         N/A       100%        5
 Borgnjor's Vile Clutch   Necr/Erth      0%         N/A       100%        5
 Eringya's Noxious Bog    Tmut/Pois      0%         N/A       100%        6
 Invisibility             Hex            0%         N/A       100%        6
 Storm Form               Tmut/Air       0%         N/A       100%        7
 Maxwell's Capacitive Co  Air            0%         ∞         100%        8


Dungeon Overview and Level Annotations

Branches:
Dungeon (10/15)            Temple (0/1) D:7            Lair (6/6) D:10
  Swamp (1/4) Lair:4        Snake (1/4) Lair:3        Slime (2/5) Lair:6
    Orc: D:9-12

Altars:
Cheibriados
Dithmenos
Fedhas
Hepliaklqana
Nemelex Xobeh
Okawaru
Trog
Uskayaw
Wu Jian
Xom
Yredelemnul
Jiyva

Portals:
Abyss: Lair:1

Annotations:
Lair:1 2 transporters, Zeldest's ghost, novice VSAE
Lair:2 2 runed translucent doors, dtburroughs's ghost, journeyman GrBe
Lair:6 5 runed translucent doors, GnoME's ghost, journeyman HOMo


Message History

Aim: a slime creature (86% to hit)
You throw a stone. The slime creature quivers.
The stone hits the slime creature!
The slime creature is lightly wounded.
A slime creature comes into view. x2
Throw: 4 stones
Press: ? - help, Q - select action, (/) - cycle Shift-Dir - straight line, f/p - slime creature
Aim: a slime creature (lightly wounded, 86% to hit)
You throw a stone.
The stone hits the slime creature but does no damage.
The slime creature is lightly wounded.
A slime creature comes into view.
Throw: 3 stones
Press: ? - help, Q - select action, (/) - cycle Shift-Dir - straight line, f/p - slime creature
Aim: a slime creature (lightly wounded, 86% to hit)
You throw a stone.
The stone hits the slime creature but does no damage.
The slime creature is lightly wounded.
The acid blob spits acid at you. The splash of acid hits you!
The acid corrodes you!
You are splashed with acid!
The floating eye gazes piercingly through you!
You suddenly lose the ability to move!
The floating eye seems to glare at you.
A slime creature comes into view.
The slime creature hits you! The acid blob spits acid at you.
The splash of acid hits you!
You are splashed with acid!
A slime creature comes into view.
The floating eye gazes piercingly through you!
You shrug off the repeated paralysis!
The slime creature hits you! The rockslime hits you!!
* * * LOW HITPOINT WARNING * * *
You hold your ground!
The slime creature quivers.
The acid blob spits acid at you. The splash of acid hits you!
* * * LOW HITPOINT WARNING * * *
The acid corrodes you!
You are splashed with acid!
You die...

... #.. .
... .. ..
... ## G#
(J..
##.#.#....>
#..J.JJJ.J.
#.@...J...
#..J.......
#...(......
#...#J##...
#...##. ..
##.#J .. .
## . .. .
...


You could see an acid blob, 8 slime creatures, a rockslime and a floating eye.

Vanquished Creatures
  A quicksilver ooze (Slime:1)
  Snorg (Lair:3)
  A hydra (Lair:3)
  A catoblepas (Lair:4)
  A two-headed ogre (D:6)
  A fire crab (Lair:6)
  4 lindwurms (Lair:2)
  3 black mambas
  A molten gargoyle (Lair:6)
  A torpor snail (Lair:1)
  A cane toad (Lair:3)
  3 rime drakes
  8 komodo dragons
  2 trolls
  2 polar bears
  4 slime creatures
  3 blink frogs
  A dream sheep (Lair:4)
  A shadow (D:10)
  32 yaks
  Eustachio (D:4)
  2 wyverns (Lair:6)
  A human (Lair:5)
  A hog (Lair:5)
  A steam dragon (D:9)
  2 vampire mosquitoes (D:7)
  A swamp worm (Lair:4)
  4 water moccasins
  A black bear (D:6)
  An orc warrior (D:9)
  Duvessa (D:3)
  An ice beast (D:6)
  A hornet zombie (D:6)
  4 necrophages
  A centaur (D:10)
  A phantom (D:4)
  7 wolves
  3 kobold brigands
  Blork the orc (D:6)
  10 bullfrogs
  Dowan (D:3)
  2 scorpions
  2 wyvern zombies (D:6)
  2 water moccasin skeletons
  8 killer bees
  6 wights (D:9)
  3 electric eels
  3 howler monkeys
  4 lava snakes
  5 centaur zombies
  A hound (D:4)
  An orc priest (D:4)
  A gnoll shaman (D:7)
  A jelly (D:6)
  2 centaur skeletons
  A bullfrog skeleton (D:5)
  4 iguanas
  4 orc wizards
  4 hell rats (Lair:3)
  Terence (D:3)
  2 killer bee zombies
  6 mummies
  2 howler monkey zombies (D:9)
  6 gnolls
  A howler monkey skeleton (D:4)
  9 adders
  A shadow imp (D:6)
  A white imp (D:6)
  An ufetubus (D:5)
  An adder skeleton (D:4)
  A dart slug (D:4)
  9 orcs
  2 ball pythons (D:3)
  6 endoplasms
  5 giant cockroaches
  4 goblins (D:1)
  4 hobgoblins
  5 jackals (D:2)
  5 quokkas
  3 bats (D:1)
  10 frilled lizards
  15 kobolds
  2 rats
  A spectral orc (D:5)
275 creatures vanquished.

Vanquished Creatures (collateral kills)
  Kirke (Lair:5)
  A great orb of eyes (Slime:1)
  6 hydras
  Harold (D:8)
  8 death yaks
  A two-headed ogre (D:10)
  A shock serpent (Snake:1)
  A shining eye (Slime:1)
  2 oklob plants (Lair:3)
  A molten gargoyle (Lair:6)
  9 black mambas
  An eye of devastation (Slime:1)
  A torpor snail (Lair:4)
  9 cane toads
  A rime drake (Lair:2)
  7 komodo dragons
  A troll (D:10)
  Prince Ribbit (D:6)
  A polar bear (Lair:3)
  5 blink frogs
  4 dream sheep (Lair:4)
  6 slime creatures
  37 yaks
  2 wyverns
  4 golden eyes (Slime:1)
  3 steam dragons
  4 hogs (Lair:5)
  A basilisk (Lair:6)
  3 nagas (Lair:3)
  8 water moccasins
  4 hell hounds (Lair:6)
  An orc warrior (D:7)
  A necrophage (D:7)
  A centaur (D:9)
  9 wolves
  A phantom (D:7)
  6 bullfrogs
  A wyvern skeleton (D:7)
  7 killer bees
  An electric eel (Lair:6)
  A lava snake (Lair:6)
  2 centaur zombies
  A bullfrog zombie (D:10)
  3 hounds (D:10)
  An orc priest (D:6)
  A hell rat (Lair:3)
  A hound skeleton (D:4)
  2 gnolls (D:7)
  8 orcs
  A giant cockroach (D:4)
  2 kobolds (D:9)
186 creatures vanquished.

Vanquished Creatures (others)
  An orc warlord (Lair:6)
  2 orc knights
  2 orc warriors (D:8)
  A wyvern (Lair:6)
  An orc wizard (D:6)
  An adder (D:2)
  5 orcs
  A bat (D:2)
  An endoplasm (D:2)
  2 ball pythons (D:2)
  A frilled lizard (D:2)
  69 fungi
  103 plants
  14 withered plants (D:9)
204 creatures vanquished.

Grand Total: 665 creatures vanquished

Notes
Turn   | Place    | Note
-------+----------+-------------------------------------------
     0 | D:1      | ZARRMARR the Hill Orc Monk began the quest for the Orb.
     0 | D:1      | Reached XP level 1. HP: 19/19 MP: 1/1
   137 | D:1      | Reached XP level 2. HP: 27/27 MP: 2/2
   747 | D:1      | Reached XP level 3. HP: 33/33 MP: 3/3
   943 | D:1      | Upgraded the game from 0.27.0 to 0.27.0-1-g7a089689b8
  1041 | D:2      | Became a worshipper of Beogh the Brigand
  1041 | D:2      | Reached * piety under Beogh
  1041 | D:2      | Reached ** piety under Beogh
  1080 | D:2      | Found a shimmering altar of Xom.
  1694 | D:3      | Reached skill level 5 in Axes
  1715 | D:3      | Noticed Terence
  1787 | D:3      | Killed Terence
  1788 | D:3      | Reached skill level 1 in Throwing
  1788 | D:3      | Reached XP level 4. HP: 28/40 MP: 4/4
  1989 | D:3      | Noticed a scorpion
  2000 | D:3      | Killed a scorpion
  2001 | D:3      | Reached XP level 5. HP: 22/47 MP: 5/5
  2399 | D:3      | Found a hide-covered altar of Uskayaw.
  2543 | D:4      | Noticed Duvessa
  2545 | D:4      | Noticed Dowan
  3223 | D:4      | Noticed a phantom
  3233 | D:4      | Killed a phantom
  3234 | D:4      | Reached XP level 6. HP: 53/53 MP: 6/6
  3352 | D:4      | Reached *** piety under Beogh
  3353 | D:4      | Reached XP level 7. HP: 60/60 MP: 7/7
  3462 | D:4      | Noticed Eustachio
  3486 | D:4      | Killed Eustachio
  3487 | D:4      | Reached skill level 1 in Staves
  3495 | D:4      | Found a bloodstained altar of Trog.
  3524 | D:4      | Reached skill level 5 in Fighting
  3530 | D:4      | Reached skill level 5 in Throwing
  3555 | D:4      | Found an iron altar of Okawaru.
  3559 | D:4      | Found a hazy altar of Hepliaklqana.
  3559 | D:4      | Found a shimmering altar of Xom.
  3743 | D:3      | Killed Duvessa
  3748 | D:3      | Killed Dowan
  3875 | D:5      | Entered Level 5 of the Dungeon
  3884 | D:5      | Reached XP level 8. HP: 67/68 MP: 8/8
  4363 | D:5      | Found a basalt altar of Yredelemnul.
  5563 | D:6      | Noticed Prince Ribbit
  5578 | D:6      | Killed Prince Ribbit
  5649 | D:6      | Noticed Blork the orc
  5661 | D:6      | Killed Blork the orc
  5710 | D:6      | Reached XP level 9. HP: 70/74 MP: 9/9
  5766 | D:6      | Noticed a two-headed ogre
  5777 | D:6      | Killed a two-headed ogre
  6380 | D:7      | Reached skill level 5 in Staves
  6619 | D:7      | Reached **** piety under Beogh
  6726 | D:7      | Found a staircase to the Ecumenical Temple.
  6919 | D:7      | Reached XP level 10. HP: 61/84 MP: 10/10
  7739 | D:7      | Found a snail-covered altar of Cheibriados.
  7900 | D:8      | Noticed Harold
  7911 | D:8      | Killed Harold
  7912 | D:8      | Reached skill level 10 in Throwing
  8562 | D:8      | Found a blossoming altar of Fedhas.
  8814 | D:8      | Found an ornate altar of the Wu Jian Council.
  9375 | D:9      | Reached skill level 5 in Dodging
  9831 | D:9      | Reached XP level 11. HP: 81/92 MP: 11/11
 10008 | D:9      | Found a shadowy altar of Dithmenos.
 10043 | D:9      | Found a sparkling altar of Nemelex Xobeh.
 10209 | D:9      | Reached ***** piety under Beogh
 10760 | D:10     | Entered Level 10 of the Dungeon
 10938 | D:10     | Gained Wardok as an ally
 10938 | D:10     | Gained Wulfoc as an ally
 10948 | D:10     | Gained Bogdar as an ally
 11129 | D:10     | Found a staircase to the Lair.
 11183 | D:10     | Noticed a two-headed ogre
 11190 | D:10     | Killed a two-headed ogre
 11818 | Lair:1   | Entered Level 1 of the Lair of Beasts
 12098 | Lair:1   | Noticed a cyan very ugly thing
 12104 | Lair:1   | Noticed a spriggan rider
 12105 | Lair:1   | Noticed a brown ugly thing
 12113 | Lair:1   | Noticed a white ugly thing
 12113 | Lair:1   | Noticed a brown ugly thing
 12117 | Lair:1   | Found a transporter.
 12137 | Lair:1   | Reached skill level 1 in Invocations
 12232 | Lair:1   | Found a transporter.
 12245 | Lair:1   | Noticed Zeldest's ghost (novice VSAE)
 12257 | Lair:1   | Found a one-way gate to the infinite horrors of the Abyss.
 12984 | Lair:2   | Reached XP level 12. HP: 103/103 MP: 13/13
 13918 | Lair:2   | Found the +8 whip "Snakebite" {venom, curare, rPois}
 14139 | Lair:2   | Found a large runed translucent door.
 14139 | Lair:2   | Found a large runed translucent door.
 14141 | Lair:2   | Noticed dtburroughs's ghost (journeyman GrBe)
 15294 | Lair:3   | Reached skill level 10 in Fighting
 15432 | Lair:3   | Found a staircase to the Snake Pit.
 15655 | Lair:3   | Reached skill level 1 in Maces & Flails
 16417 | Lair:3   | Noticed a six-headed hydra
 16424 | Lair:3   | Killed a six-headed hydra
 16696 | Lair:3   | Reached skill level 1 in Shields
 17067 | Lair:3   | Noticed Snorg
 17082 | Lair:3   | Killed Snorg
 17277 | Lair:3   | Identified the +6 rapier "Bouzaco" {elec, *Slow Str+2 Dex+4
                  | Stlth+}
 17416 | Snake:1  | Entered Level 1 of the Snake Pit
 17416 | Snake:1  | Noticed a naga warrior
 17418 | Snake:1  | Noticed a shock serpent
 17427 | Snake:1  | Killed a shock serpent
 17428 | Snake:1  | Reached skill level 5 in Maces & Flails
 17707 | Lair:4   | Noticed a catoblepas
 17723 | Lair:4   | Killed a catoblepas
 17724 | Lair:4   | Reached XP level 13. HP: 56/115 MP: 14/14
 18017 | Lair:4   | Reached ****** piety under Beogh
 19499 | Lair:4   | Found a staircase to the Swamp.
 19566 | Swamp:1  | Entered Level 1 of the Swamp
 19882 | Lair:5   | Noticed Kirke
 19896 | Lair:5   | Killed Kirke
 20405 | Lair:6   | Entered Level 6 of the Lair of Beasts
 20543 | Lair:6   | Found a runed translucent gate.
 20543 | Lair:6   | Found a runed translucent gate.
 20543 | Lair:6   | Found a runed translucent gate.
 20545 | Lair:6   | Noticed GnoME's ghost (journeyman HOMo)
 20962 | Lair:6   | Reached XP level 14. HP: 86/125 MP: 16/16
 21854 | Lair:6   | Found a viscous altar of Jiyva.
 21867 | Lair:6   | Found a staircase to the Slime Pits.
 22309 | Lair:6   | Your ally Wulfoc died
 22671 | Lair:6   | Found a large runed translucent door.
 22672 | Lair:6   | Found a large runed translucent door.
 23347 | Slime:1  | Entered Level 1 of the Pits of Slime
 23553 | Slime:1  | Noticed a quicksilver ooze
 23559 | Slime:1  | Your ally Wardok died
 23565 | Slime:1  | Killed a quicksilver ooze
 24909 | Slime:2  | Noticed an acid blob
 24913 | Slime:2  | Noticed a rockslime
 24917 | Slime:2  | Paralysed by a floating eye for 4 turns
 24920 | Slime:2  | HP: 3/127 [acid blob/splash of acid (9)]
 24920 | Slime:2  | Splashed by an acid blob's acid

Illustrated notes

Levels and vault maps discovered:
D:1:      dpeg_arrival_leaves_temple_mockup, layout_basic,
          chequers_decorated_corner
D:2:      layout_loops_ring, basic_altar
D:3:      layout_rooms, marbit_many_paths, uniq_terence
D:4:      layout_cave_pools, grunt_temple_overflow_open, uniq_eustachio,
          uniq_duvessa
D:5:      layout_loops_corners, yredelemnul_forgotten_temple_becter
D:6:      layout_loops_ring, uniq_prince_ribbit1, uniq_blork_the_orc
D:7:      layout_gridville, chei_slow_surprise, minmay_temple_entry_wispy
D:8:      layout_rooms, mainiacjoe_overflow_small_starburst,
          pdpol_wu_jian_five_deadly_venoms, chequers_serial_rivers_large_b,
          hangedman_decor_points, uniq_harold
D:9:      kennysheep_spiral_hall, layout_loops_corners,
          nemelex_diamond_rough_becter, grunt_dithmenos_smoke, serial_undead,
          serial_undead_e, serial_undead_b, serial_undead_b, serial_undead_d,
          serial_undead_d, serial_undead_b, serial_undead_f, serial_undead_b,
          serial_undead_f, serial_undead_c
D:10:     layout_stronghold, erik_lair_island, hangedman_glass_teeth
Lair:1:   layout_gridlike, gammafunk_ghost_abyssal_escape
Lair:2:   minmay_guarded_unrand_snakebite, layout_misc_corridors,
          ebering_ghost_disaster_area, serial_bayou_pond_a,
          minmay_lindwurm_lava, lemuel_fruit_tree
Lair:3:   layout_long_grid, minmay_snake_entry_guardpost_small,
          serial_bayou_shore_b, minmay_lair_oklob_chamber, grunt_megastairs_5,
          uniq_snorg
Lair:4:   layout_regular_city, palyth_hydra_swamp_entry, st_stairs_6,
          beast_lair_carwin_1, grunt_megastairs_1
Lair:5:   layout_long_grid, infiniplex_staircase_pool, grunt_megastairs_3,
          uniq_kirke
Lair:6:   cheibrodos_lair_end_hotspot, layout_gridlike, slime_altar_1,
          gammafunk_ghost_hydra_chop
Swamp:1:  nicolae_swamp_flooded_prison, layout_falls_marsh,
          evilmike_swamp_ruin_house_4, swamp_pool2
Snake:1:  layout_misc_corridors, grunt_ministairs_6, st_stairs_10,
          lemuel_oklob_altar
Slime:1:  layout_caves
Slime:2:  layout_caves, cheibrodos_slime_lost_civilization_4

Skill      XL: |  1  2  3  4  5  6  7  8  9 10 11 12 13 14 |
---------------+-------------------------------------------+-----
Fighting       | 4 5 6 7 8 10 11 12 | 12.9
Axes           | 5 |  5.6
Throwing       | 1 2 3 4 5 7 9 10 12 | 12.0
Dodging        | 3 4 5 7 8 9 |  9.7
Staves         | 1 3 5 6 8 9 |  9.1
Invocations    | 1 2 3 4 |  4.5
Maces & Flails | 5 9 |  9.6
Shields        | 2 4 |  4.0
Stealth        | |  1.7
Evocations     | |  0.3

Action                   |  1- 3 |  4- 6 |  7- 9 | 10-12 | 13-15 || total
-------------------------+-------+-------+-------+-------+-------++-------
Melee: Hand axe          |   122 |    31 |       |       |       ||   153
       Quarterstaff      |       |    16 |    92 |   212 |       ||   320
       Whip              |       |       |       |   137 |   347 ||   484
Throw: Stone             |    22 |       |       |       |    45 ||    67
       Boomerang         |    32 |    78 |   126 |   181 |       ||   417
       Dart              |       |       |       |    80 |       ||    80
       Throwing net      |       |       |       |     4 |       ||     4
Invok: Convert to Beogh  |     1 |       |       |       |       ||     1
       Recall Orcish Fol |       |       |       |     7 |     6 ||    13
       Smiting           |       |       |       |       |     8 ||     8
       Give Item to Name |       |       |       |       |     1 ||     1
       Resurrection      |       |       |       |       |     1 ||     1
Evoke: Phantom mirror    |       |       |       |     1 |     1 ||     2
  Use: Scroll            |     3 |     3 |     2 |     3 |     6 ||    17
       Potion            |       |       |     1 |     1 |       ||     2
 Stab: Sleeping          |     1 |       |       |       |     2 ||     3
       Distracted        |       |       |       |     3 |     5 ||     8
       Petrified         |       |       |       |       |     4 ||     4
Armor: Robe              |    43 |    14 |    25 |    18 |       ||   100
       Steam dragon scal |       |       |       |    86 |    72 ||   158
Dodge: Dodged            |    73 |    31 |    54 |   204 |   178 ||   540
Block: Buckler           |       |       |       |    14 |    61 ||    75
